 Dungeon Crawl Stone Soup version 0.27-a0-911-gfacc31910f (webtiles) character file.

Game seed: 10079922793124980660

623 DarkShadow the Chopper (level 7, -2/61 HPs)
             Began as a Minotaur Fighter on Apr 9, 2021.
             Slain by a lemure (6 damage)
             ... led by Pikel
             ... on level 3 of the Dungeon.
             The game lasted 00:09:43 (4072 turns).

DarkShadow the Chopper (Minotaur Fighter)           Turns: 4072, Time: 00:09:43

Health: -2/61      AC: 17    Str: 22    XL:     7   Next: 22%
Magic:  6/6        EV:  2    Int:  5    God:
Gold:   97         SH: 10    Dex: 10    Spells: 6/6 levels left

rFire    . . .     SeeInvis .   a - +0 war axe
rCold    . . .     Faith    .   c - +0 kite shield
rNeg     . . .     Spirit   .   g - +0 crystal plate armour
rPois    .         Reflect  .   (helmet restricted)
rElec    .         Harm     .   (no cloak)
rCorr    .         Rampage  .   (no gloves)
Will     .....                  (no boots)
Stlth    ..........             (no amulet)
HPRegen  0.20/turn              (no ring)
MPRegen  0.10/turn              (no ring)

@: no status effects
A: horns 2, retaliatory headbutt
a: no special abilities


You were on level 3 of the Dungeon.
You visited 1 branch of the dungeon, and saw 4 of its levels.

You collected 97 gold pieces.

Inventory:

Hand Weapons
 a - a +0 war axe (weapon)
Armour
 b - a +0 scale mail
 c - a +0 kite shield (worn)
 g - a +0 crystal plate armour (worn)
Jewellery
 p - a +6 ring of intelligence
Wands
 k - a wand of paralysis (9)
Scrolls
 f - 2 scrolls of teleportation {unknown}
 h - 2 scrolls of identify {unknown}
 i - a scroll of fear {unknown}
 l - a scroll of enchant armour {unknown}
 m - a scroll of brand weapon {unknown}
 q - a scroll of noise {unknown}
 r - a scroll of magic mapping {unknown}
Potions
 e - a potion of flight {unknown}
 j - 2 potions of heal wounds {unknown}
 n - a potion of curing {unknown}
 o - a potion of lignification {unknown}


   Skills:
 + Level 5.2 Fighting
 + Level 6.6 Axes
 + Level 5.4 Armour
 + Level 0.7 Dodging
 + Level 5.4 Shields


You had 6 spell levels left.
You didn't know any spells.
Your spell library contained the following spells:

 Spells                   Type           Power      Damage    Failure   Level
 Animate Skeleton         Necr           0%         N/A       100%        1
 Apportation              Tloc           0%         N/A       100%        1
 Corona                   Hex            0%         N/A       100%        1
 Summon Small Mammal      Summ           0%         N/A       100%        1
 Confusing Touch          Hex            0%         N/A       100%        3
 Gell's Gravitas          Tloc           0%         N/A       100%        3
 Petrify                  Tmut/Erth      0%         N/A       100%        4
 Metabolic Englaciation   Hex/Ice        0%         N/A       100%        5
 Yara's Violent Unravell  Hex/Tmut       0%         3d3       100%        5


Dungeon Overview and Level Annotations

Branches:
Dungeon (4/15)
 Temple: D:4-7

Altars:
Wu Jian

Annotations:
D:4 Pikel


Innate Abilities, Weirdness & Mutations

You have a pair of horns on your head.
You reflexively headbutt those who attack you in melee.


Message History

You slash the goblin!
You kill the goblin!
You hit Pikel.
You feel very sick.
Pikel hits you with a +0 whip of electrocution.
* * * LOW HITPOINT WARNING * * *
You block the adder skeleton's attack.
You hit Pikel but do no damage.
Pikel is lightly wounded.
You slash the adder skeleton!
You feel sick. You block Pikel's attack.
The adder skeleton bites you but does no damage.
You closely miss Pikel.
Pikel is lightly wounded.
Your shield and crystal plate armour prevent you from hitting the adder skeleton.
You feel sick. You block the adder skeleton's attack.
Pikel hits you with a +0 whip of electrocution.
* * * LOW HITPOINT WARNING * * *
You block the adder skeleton's attack. Pikel hits you but does no damage.
Blink to where?
Press: ? - help, Dir - move target
As you read the scroll labelled ITUOMADUERO, it crumbles to dust.
It was a scroll of blinking.
A lemure comes into view.
You feel sick. The lemure hits you but does no damage.
You block Pikel's attack.
You feel sick.
You feel sick.
You feel sick.
There is a stone staircase leading up here.
You feel sick.
You are no longer poisoned.
The lemure hits you.
* * * LOW HITPOINT WARNING * * *
You climb upwards.
There is a stone staircase leading down here.
You completely miss the lemure. You block the lemure's attack. x2
You barely miss the lemure. You headbutt the lemure.
The lemure is lightly wounded.
The lemure hits you.
You die...

.# #.####.........#.#....# ##.
.####...##.......>.#......# ##..
..#.....##......)..#......# ##...
#.........)....))<.#[.....# #...#
###................#......###...#
#....#.#............[...##...##
#....#.#................##))[#
###.##...........#.#....#...##
##...###.##...5@.........#...#
#..### #.###.###......#..#...###
##.## #.###.# ##..............#
#..# #.....# ##........[....#
#.## ##...## #...........#.. ..#
####.#.## ##...<......#.. .##
#.......# #...##........ .#
##.......######....#.##..##. .#
##....................##..#..


You could see a lemure.

Vanquished Creatures
  Eustachio (D:4)
  A steam dragon (D:2)
  An ogre (D:4)
  A howler monkey (D:2)
  An orc priest (D:3)
  A bullfrog skeleton (D:4)
  An orc wizard (D:2)
  4 gnolls (D:3)
  2 adders
  2 worms (D:2)
  2 dart slugs
  11 orcs
  7 ball pythons
  7 endoplasms
  5 giant cockroaches
  8 goblins
  8 hobgoblins
  3 jackals (D:1)
  10 kobolds
  2 quokkas
  3 bats
  4 frilled lizards
  5 rats
  4 bushes (D:3)
94 creatures vanquished.

Vanquished Creatures (others)
  2 orcs (D:3)
  14 plants
  10 withered plants (D:1)
26 creatures vanquished.

Grand Total: 120 creatures vanquished

Notes
Turn   | Place    | Note
-------+----------+-------------------------------------------
     0 | D:1      | DarkShadow the Minotaur Fighter began the quest for the
                  | Orb.
     0 | D:1      | Reached XP level 1. HP: 19/19 MP: 0/0
   217 | D:1      | Reached XP level 2. HP: 26/27 MP: 1/1
   459 | D:1      | Found a faded altar of an unknown god.
  1076 | D:2      | Reached XP level 3. HP: 13/33 MP: 2/2
  1845 | D:2      | Reached skill level 3 in Axes
  1970 | D:2      | Reached XP level 4. HP: 41/41 MP: 3/3
  2294 | D:3      | Reached skill level 4 in Axes
  2294 | D:3      | Reached XP level 5. HP: 7/47 MP: 4/4
  2646 | D:3      | Noticed a steam dragon
  2763 | D:2      | Killed a steam dragon
  2764 | D:2      | Reached skill level 5 in Axes
  2764 | D:2      | Reached XP level 6. HP: 9/55 MP: 5/5
  3185 | D:3      | Reached skill level 5 in Armour
  3914 | D:4      | Reached skill level 5 in Shields
  3929 | D:4      | Found an ornate altar of the Wu Jian Council.
  3966 | D:4      | Noticed Eustachio
  4028 | D:4      | Killed Eustachio
  4029 | D:4      | Reached skill level 5 in Fighting
  4029 | D:4      | Reached skill level 6 in Axes
  4029 | D:4      | Reached XP level 7. HP: 61/61 MP: 6/6
  4058 | D:4      | Noticed Pikel
  4068 | D:4      | HP: 3/61 [lemure[Pikel] (1)]
  4072 | D:3      | Slain by a lemure

Illustrated notes

Levels and vault maps discovered:
D:1:      dpeg_arrival_concentric_ovals, layout_basic,
          shapermc_ecumenical_altar_flowoftime, chequers_jeans
D:2:      layout_loops_corners, st_stairs_9
D:3:      layout_rooms, serial_curves, eino_curves_01, eino_curves_02,
          lexackson_kobold_supper
D:4:      layout_basic, lemuel_coloured_pillars_altar, lemuel_crystal_altar,
          serial_shops, shop_statue, shop_fountains,
          nicolae_shop_overgrown_old_shop, shop, kennysheep_mini_moat,
          uniq_pikel, uniq_eustachio, uniq_blork_the_orc

Skill      XL: |  1  2  3  4  5  6 |
---------------+-------------------+-----
Armour         | 4 5 |  5.4
Fighting       | 4 5 |  5.2
Shields        | 4 5 |  5.4
Axes           | 3 4 5 6 |  6.6
Dodging        | |  0.7

Action                   |  1- 3 |  4- 6 |  7- 9 || total
-------------------------+-------+-------+-------++-------
Melee: War axe           |   104 |   234 |    11 ||   349
       Headbutt          |    17 |    76 |     2 ||    95
  Use: Potion            |       |     1 |       ||     1
       Scroll            |       |       |     1 ||     1
Armor: Scale mail        |    11 |       |       ||    11
       Crystal plate arm |    55 |   142 |     9 ||   206
Dodge: Dodged            |    13 |     4 |       ||    17
Block: Kite shield       |    49 |    91 |    10 ||   150

Table legend: (Time is in decaauts)
 A = Elapsed time spent in this place.
 B = Non-inter-level travel time spent in this place.
 C = Inter-level travel time spent in this place.
 D = Time resting spent in this place.
 E = Time spent auto-exploring this place.
 F = Levels seen in this place.
 G = Mean time per level.
                   A        B        C        D        E       F      G
               +--------+--------+--------+--------+--------+-----+--------+
         Total |   4250 |   4250 |      0 |    920 |   1890 |   4 | 1062.5 |
       Dungeon |   4250 |   4250 |      0 |    920 |   1890 |   4 | 1062.5 |
               +--------+--------+--------+--------+--------+-----+--------+

Top non-repeatable levels by time:
     D:2: 1710 daAuts
     D:3: 1356 daAuts
     D:1: 1003 daAuts
     D:4: 179 daAuts
